 Dungeon Crawl Stone Soup version 0.23.2-40-g277498a001 (webtiles) character file.

Game seed: 7515460116888697915

35 Matthias the Skirmisher (level 3, -1/33 HPs)
             Began as a Minotaur Fighter on Sept 24, 2019.
             Slain by a gnoll
             ... wielding a +0 halberd
              (13 damage)
             ... on level 2 of the Dungeon.
             The game lasted 00:31:13 (1100 turns).

Matthias the Skirmisher (Minotaur Fighter)          Turns: 1100, Time: 00:31:19

Health: -1/33      AC:  8    Str: 20    XL:     3   Next: 17%
Magic:  2/2        EV:  7    Int:  5    God:
Gold:   85         SH:  9    Dex: 10    Spells: 2/2 levels left

rFire    . . .     SeeInvis .   a - +0 war axe
rCold    . . .     Gourm    .   c - +0 shield
rNeg     . . .     Faith    .   b - +1 scale mail
rPois    .         Spirit   .   (helmet restricted)
rElec    .         Reflect  .   (no cloak)
rCorr    .         Harm     .   (no gloves)
MR       .....                  (no boots)
Stlth    ..........             (no amulet)
HPRegen  0.11/turn              g - ring of flight
MPRegen  0.08/turn              (no ring)

@: no status effects
A: retaliatory headbutt, horns 2
a: Evoke Flight


You were on level 2 of the Dungeon.
You were not hungry.

You visited 1 branch of the dungeon, and saw 2 of its levels.

You collected 85 gold pieces.

Inventory:

Hand Weapons
 a - a +0 war axe (weapon)
 j - a +0 club
 m - a +0 club
 n - a cursed -1 club
 o - a +0 club
 p - a +0 club
 r - a +0 club
 s - a +0 club
Missiles
 e - 29 stones (quivered)
 k - 20 bolts
 t - 15 poisoned needles
 u - 6 large rocks
 x - 21 sling bullets
Armour
 b - a +1 scale mail (worn)
 c - a +0 shield (worn)
Jewellery
 g - a ring of flight (left hand)
Scrolls
 v - a scroll of immolation {unknown}
Potions
 d - a potion of might
 i - a potion of curing {unknown}
Comestibles
 f - 3 rations


   Skills:
 + Level 4.1 Fighting
 + Level 3.1 Axes
 + Level 3.9 Armour
 + Level 4.1 Shields


You had 2 spell levels left.
You didn't know any spells.
Your spell library was empty.

Dungeon Overview and Level Annotations

Branches:
Dungeon (2/15)

Altars:


Innate Abilities, Weirdness & Mutations

You reflexively headbutt those who attack you in melee.
You have a pair of horns on your head.


Message History

You hit the gnoll.
The gnoll is almost dead.
You closely miss the bat. You closely miss the gnoll.
The bat closely misses you. The bat hits you but does no damage.
You block the gnoll's attack.
The gnoll hits you from afar with a +0 halberd!
You block the gnoll's attack. The gnoll hits you with a +0 club.
As you read the scroll labeled UWUGAK TUTYATA, it crumbles to dust.
It is a scroll of enchant armour.
Your +0 scale mail glows green for a moment.
The bat hits you but does no damage. You block the gnoll's attack.
The gnoll hits you but does no damage. You block the gnoll's attack.
The gnoll hits you with a +0 club.
As you read the scroll labeled XYARUI ROIR, it crumbles to dust.
You feel blessed for a moment.
It was a scroll of remove curse.
The bat hits you but does no damage. You block the gnoll's attack.
The gnoll barely misses you.
The kobold throws a stone.
The stone hits you but does no damage. The gnoll hits you but does no damage.
The gnoll hits you from afar with a +0 halberd!
You die...

..#.....##
.........###
.......(..%#
...........#
......b....#
.......K...#
>.......gg.##
....<..@gg.(#
............#
...............
.....###...#...
..... ...# .#
.... #### # ...
...


You could see 4 gnolls, a bat and a kobold.

Vanquished Creatures
  3 dart slugs (D:1)
  2 giant cockroaches (D:1)
  8 hobgoblins (D:1)
  4 bats (D:1)
  2 frilled lizards (D:1)
  2 goblins (D:1)
  4 kobolds (D:1)
  4 rats (D:1)
29 creatures vanquished.

Notes
Turn   | Place    | Note
-------+----------+-------------------------------------------
     0 | D:1      | Matthias the Minotaur Fighter began the quest for the Orb.
     0 | D:1      | Reached XP level 1. HP: 19/19 MP: 0/0
    79 | D:1      | Reached XP level 2. HP: 13/27 MP: 1/1
   588 | D:1      | Reached XP level 3. HP: 30/33 MP: 2/2
  1100 | D:2      | Slain by a gnoll

Skill      XL: |  1  2 |
---------------+-------+-----
Fighting       | 4 |  4.1
Shields        | 4 |  4.1
Axes           | 3 |  3.1
Armour         | |  3.9

Action                   || total
-------------------------++-------
Melee: War axe           ||    79
       Headbutt          ||    12
Throw: Stone             ||     2
 Abil: Evoke Flight      ||     1
  Use: Scroll            ||     3
  Eat: Chunk             ||     1
Armor: Scale mail        ||    38
Dodge: Dodged            ||    19
Block: Shield            ||    57
